 Dungeon Crawl Stone Soup version 0.24.0-13-gcf9b319 (webtiles) character file.

Game seed: 5500274879854133104, levelgen mode: deterministic

8368 Fang the Fighter (level 11, -1/108 HPs)
             Began as a Gargoyle Berserker on Dec 13, 2019.
             Was a High Priest of Trog.
             Slain by Erolcha
             ... wielding a +2 giant club
              (17 damage)
             ... on level 10 of the Dungeon.
             The game lasted 00:10:24 (9788 turns).

Fang the Fighter (Gargoyle Berserker)               Turns: 9788, Time: 00:10:25

Health: -1/108     AC: 24    Str: 29    XL:     11   Next: 29%
Magic:  11/11      EV: 11    Int:  8    God:    Trog [*****.]
Gold:   834        SH:  0    Dex:  9    Spells: 10/10 levels left

rFire    . . .     SeeInvis +   a - +1 war axe
rCold    . . .     Gourm    .   (no shield)
rNeg     + . .     Faith    .   s - +2 plate armour of Sitiy {MR+}
rPois    ∞         Spirit   .   (no helmet)
rElec    +         Reflect  .   (no cloak)
rCorr    .         Harm     .   (no gloves)
MR       +....                  (no boots)
Stlth    ..........             (no amulet)
HPRegen  0.28/turn              i - ring of stealth
MPRegen  0.12/turn              j - ring of see invisible

@: berserking, very quick
A: negative energy resistance 1, electricity resistance, unbreathing,
petrification resistance, rot immunity, AC +8
a: Berserk, Trog's Hand, Brothers in Arms, Renounce Religion


You were on level 10 of the Dungeon.
You worshipped Trog.
Trog was extremely pleased with you.
You were very hungry.

You visited 2 branches of the dungeon, and saw 11 of its levels.
You also visited: Ossuary.

You collected 834 gold pieces.

Inventory:

Hand Weapons
 a - a +1 war axe (weapon)
 e - a +2 broad axe
 m - a +0 hand axe of flaming
Armour
 b - a +3 plate armour
 s - the +2 plate armour of Sitiy (worn) {MR+}
   (You found it on level 5 of the Dungeon)

   It affects your resistance to hostile enchantments.
Jewellery
 i - a ring of stealth (left hand)
 j - a ring of see invisible (right hand)
Wands
 o - a wand of paralysis (18)
 p - a wand of random effects (16)
 v - a wand of flame (21)
 x - a wand of iceblast (19)
Scrolls
 d - 3 scrolls of identify
 k - 4 scrolls of teleportation
 n - a scroll of fear
 r - a scroll of remove curse
Potions
 f - 8 potions of curing
 g - 3 potions of haste
 h - a potion of might
 l - 3 potions of flight
 q - a potion of mutation
 u - a potion of heal wounds
Comestibles
 c - 23 rations


   Skills:
 + Level 10.0 Fighting
 + Level 8.4 Axes
 + Level 9.7 Armour
 + Level 7.4 Dodging


You had 10 spell levels left.
You didn't know any spells.
Your spell library was empty.

Dungeon Overview and Level Annotations

Branches:
Dungeon (10/15)            Temple (1/1) D:6            Lair (0/6) D:8
Ossuary (visited)
    Orc: D:9-12

Altars:
Ashenzari
Cheibriados
Dithmenos
Hepliaklqana
Kikubaaqudgha
Makhleb
Okawaru
Qazlal
Ru
Trog
Uskayaw
Vehumet
Wu Jian
Zin

Shops:
D:6 (   D:8 (*

Annotations:
D:9 exclusion: ice statue
D:10 Erolcha


Innate Abilities, Weirdness & Mutations

You are resistant to torment.
Your stone body is resilient. (AC +8)
You are immune to poison.
You resist negative energy. (rN+)
You are resistant to electric shocks. (rElec)
You can survive without breathing.
You are immune to petrification.
You are immune to rotting.


Message History

Erolcha is almost dead.
Erolcha points at you and mumbles some strange words.
The bolt of cold hits you but does no damage.
Erolcha barely misses you.
You closely miss Erolcha.
Erolcha is almost dead.
Erolcha casts a spell at you. The crystal spear hits you!!
* * * LOW HITPOINT WARNING * * *
You are too injured to fight recklessly!
You are too injured to fight recklessly!
You are too injured to fight recklessly!
You are too injured to fight recklessly!
You are too injured to fight recklessly!
You are too injured to fight recklessly!
A red film seems to cover your vision as you go berserk!
You feel yourself moving faster!
You feel mighty!
You are feeling very hungry.
Erolcha hits you with a +2 giant club!
You die...

...####..####
#..... .. ##
##....####....> ...
#..............
...#
#..............
....#
##..............
#...#
#.......###.....
#...# #.....###
#..... #..##.....#
#..... #O@....###
##..#..
#..##...#####..##..
#.#####...##..###..
#. ###....###..# #.
###..## #.## .#
##...#.# #.# .
#.###### ### ## ###


You could see Erolcha.

Vanquished Creatures
  A hydra (D:8)
  A two-headed ogre (D:9)
  Pikel (D:4)
  Grinder (D:5)
  2 hippogriffs (D:7)
  2 dream sheep (D:8)
  6 yaks
  2 hungry ghosts (D:10)
  Menkaure (D:7)
  3 wargs (D:8)
  A water moccasin (D:8)
  2 ice beasts
  3 orc warriors
  A sky beast (D:7)
  2 ogres
  2 phantoms
  A centaur (D:9)
  A crocodile (D:9)
  6 big kobolds
  4 bullfrogs
  A water moccasin zombie (D:6)
  A wyvern skeleton (D:9)
  3 scorpions
  4 killer bees (D:7)
  A howler monkey (D:6)
  3 centaur zombies (Ossuary)
  6 crimson imps
  A bullfrog zombie (D:5)
  4 hounds
  3 jellies
  7 orc priests
  12 orc wizards
  A gnoll shaman (D:6)
  6 iguanas
  4 worker ants
  A killer bee zombie (D:6)
  3 big kobold zombies (Ossuary)
  3 hound skeletons
  2 mummies (Ossuary)
  3 gnolls (D:6)
  10 adders
  A howler monkey skeleton (D:7)
  A shadow imp (D:8)
  2 adder skeletons
  4 worms
  11 leopard geckos
  47 orcs
  8 bats
  4 giant cockroaches
  A gnoll zombie (Ossuary)
  4 goblins
  10 hobgoblins
  6 jackals (D:2)
  6 quokkas
  A ball python (D:2)
  A ball python skeleton (D:4)
  6 frilled lizards
  2 hobgoblin zombies (Ossuary)
  16 kobolds
  5 orc zombies (Ossuary)
  6 rats
264 creatures vanquished.

Vanquished Creatures (others)
  A plant (D:8)
1 creature vanquished.

Grand Total: 265 creatures vanquished

Notes
Turn   | Place    | Note
-------+----------+-------------------------------------------
     0 | D:1      | Fang the Gargoyle Berserker began the quest for the Orb.
     0 | D:1      | Reached XP level 1. HP: 14/14 MP: 1/1
   321 | D:1      | Reached XP level 2. HP: 19/19 MP: 2/2
   952 | D:2      | Reached XP level 3. HP: 14/23 MP: 3/3
  1313 | D:2      | Reached ** piety under Trog
  1313 | D:2      | Reached XP level 4. HP: 19/29 MP: 4/4
  1908 | D:2      | Reached skill level 4 in Fighting
  2081 | D:2      | Noticed a big kobold
  2096 | D:2      | Killed a big kobold
  2096 | D:2      | Reached XP level 5. HP: 26/33 MP: 5/5
  2728 | D:3      | Reached *** piety under Trog
  3125 | D:4      | Reached XP level 6. HP: 39/39 MP: 6/6
  3780 | D:4      | Noticed a slave
  3780 | D:4      | Noticed a slave
  3780 | D:4      | Noticed a slave
  3781 | D:4      | Noticed Pikel
  3808 | D:4      | Killed Pikel
  3808 | D:4      | Reached skill level 5 in Fighting
  3808 | D:4      | Reached skill level 5 in Armour
  3808 | D:4      | Reached XP level 7. HP: 38/45 MP: 7/7
  4092 | D:5      | Entered Level 5 of the Dungeon
  4118 | D:5      | Noticed Grinder
  4120 | D:5      | Paralysed by Grinder for 3 turns
  4156 | D:5      | Got a crude plate armour
  4162 | D:5      | Found a sand-covered staircase.
  4167 | Ossuary  | Entered an ossuary
  4227 | Ossuary  | Reached XP level 8. HP: 49/51 MP: 8/8
  4286 | Ossuary  | Reached **** piety under Trog
  4286 | Ossuary  | Reached skill level 6 in Fighting
  4295 | Ossuary  | Reached skill level 5 in Axes
  4393 | D:5      | Killed Grinder
  4404 | D:5      | Identified the +2 plate armour of Sitiy {MR+} (You found it
                  | on level 5 of the Dungeon)
  4980 | D:6      | Reached XP level 9. HP: 33/56 MP: 9/9
  4986 | D:6      | Reached skill level 7 in Fighting
  5048 | D:6      | Reached skill level 5 in Dodging
  5167 | D:6      | Found a stormy altar of Qazlal.
  5287 | D:6      | Found a staircase to the Ecumenical Temple.
  5369 | Temple   | Entered the Ecumenical Temple
  5441 | D:6      | Found Macveree's Antique Weapon Boutique.
  5495 | D:6      | Found a shadowy altar of Dithmenos.
  5658 | D:7      | Noticed Menkaure
  5667 | D:7      | Killed Menkaure
  5803 | D:7      | Found a shattered altar of Ashenzari.
  6055 | D:7      | Reached ***** piety under Trog
  6155 | D:7      | Reached skill level 8 in Fighting
  6420 | D:8      | Reached XP level 10. HP: 62/64 MP: 10/10
  6861 | D:8      | Found a staircase to the Lair.
  7064 | D:8      | Noticed a three-headed hydra
  7068 | D:8      | Killed a one-headed hydra
  7068 | D:8      | Reached skill level 9 in Fighting
  7238 | D:8      | Found Toisaijet's Assorted Antiques.
  7696 | D:8      | Found Gocyix's Weapon Boutique.
  7904 | D:9      | Noticed an ice statue
  8135 | D:9      | Noticed a two-headed ogre
  8144 | D:9      | Killed a two-headed ogre
  8144 | D:9      | Reached XP level 11. HP: 37/72 MP: 11/11
  8589 | D:9      | Received a gift from Trog
  8806 | D:10     | Entered Level 10 of the Dungeon
  9046 | D:10     | Paralysed by fainting for 6 turns
  9472 | D:10     | Reached skill level 10 in Fighting
  9775 | D:10     | Noticed Erolcha
  9788 | D:10     | Slain by Erolcha

Levels and vault maps discovered:
D:1:      minmay_arrival_stair_chambers, layout_basic
D:2:      minmay_thinvault, layout_loops_ring
D:3:      layout_loops_cross, minmay_increasing_density
D:4:      layout_basic, first_ration, uniq_pikel
D:5:      layout_rooms, enter_ossuary_2, lemuel_another_geyser, uniq_grinder
D:6:      layout_cave_pools, minmay_temple_entry_junction_2, serial_shops,
          kennysheep_little_box, basic_altar, corexii_leaking_fountain,
          grunt_dithmenos_shadows
D:7:      layout_basic, ashenzari_altar_1, uniq_menkaure
D:8:      layout_basic, erik_lair_orcish_takeover, serial_shops,
          kennysheep_mini_moat, nicolae_shop_crystal, hangedman_ranch
          [blue_anna_fruit_fields]
D:9:      layout_irregular_city, minmay_statue_bubble
D:10:     layout_layer_cave, serial_park_tiny_1, uniq_erolcha
Temple:   dpeg_three_leaves_temple

Skill      XL: |  1  2  3  4  5  6  7  8  9 10 11 |
---------------+----------------------------------+-----
Axes           | 3 4 5 6 8 |  8.4
Dodging        | 2 3 4 5 7 |  7.4
Armour         | 3 5 6 7 9 |  9.7
Fighting       | 4 5 6 8 9 10 | 10.0

Action                   |  1- 3 |  4- 6 |  7- 9 | 10-12 || total
-------------------------+-------+-------+-------+-------++-------
Melee: Hand axe          |    99 |    95 |       |     8 ||   202
       War axe           |       |   139 |   374 |   330 ||   843
Invok: Berserk           |       |     3 |     4 |     6 ||    13
       Trog's Hand       |       |       |     1 |       ||     1
  Use: Scroll            |       |       |    14 |     8 ||    22
  Eat: Chunk             |     1 |    11 |    14 |    18 ||    44
       Ration            |       |       |       |     1 ||     1
Armor: Animal skin       |    33 |    36 |       |       ||    69
       Plate armour      |       |   114 |   419 |   260 ||   793
Dodge: Dodged            |    78 |   121 |   211 |   177 ||   587
